 Dungeon Crawl Stone Soup version 0.31.0-32-g396128a36d (webtiles) character file.

Game seed: 2304923935455166687

863 SanguineChosen the Cleaver (level 7, -2/6 HPs)
             Began as a Minotaur Berserker on Apr 11, 2024.
             Was a Believer of Trog.
             Killed from afar by a white imp (4 damage)
             ... with a puff of frost
             ... on level 5 of the Dungeon.
             The game lasted 00:30:14 (4598 turns).

SanguineChosen the Cleaver (Minotaur Berserker)     Turns: 4598, Time: 00:30:14

Health: -2/6       AC:  5    Str: 24    XL:     7   Next: 72%
Magic:  6/6        EV: 11    Int:  4    God:    Trog [**....]
Gold:   261        SH:  0    Dex:  9    Spells: 6/6 levels left

rFire   + . .        p - melded +1 scythe (freeze)
rCold   + . .        (shield currently unavailable)
rNeg    . . .        h - +3 ring mail {rF+}
rPois   .            (helmet restricted)
rElec   .            l - +0 cloak
rCorr   .            c - melded +0 pair of gloves
SInv    .            (no boots)
Will    ++...        (no amulet) Stlth
                     m - ring of protection from cold
HPRegen 1.21/turn    (no ring)
MPRegen 0.10/turn

%: no passive effects
@: blade hands, strong-willed, regenerating
A: reduced hp, horns 2, retaliatory headbutt
a: Begin Untransformation, Renounce Religion, Berserk, Trog's Hand


You were on level 5 of the Dungeon.
You worshipped Trog.
Trog was pleased with you.
You had blades for hands.
You visited 2 branches of the dungeon, and saw 6 of its levels.

You collected 261 gold pieces.

Inventory:

Hand Weapons
 a - a +0 hand axe
 p - a +1 scythe of freezing (melded)
Missiles
 f - 12 poisoned darts (quivered)
Armour
 c - a +0 pair of gloves (melded)
 h - a +3 ring mail of fire resistance (worn)
 l - a +0 cloak (worn)
Jewellery
 m - a ring of protection from cold (left blade hand)
Talismans
 r - a blade talisman (active)
Wands
 e - a wand of polymorph (7)
Scrolls
 d - a scroll of fear {unknown}
 g - 5 scrolls of identify {unknown}
 i - 2 scrolls of enchant weapon {unknown}
 n - a scroll of silence {unknown}
 o - a scroll of poison {unknown}
 q - a scroll of fog {unknown}
Potions
 b - 2 potions of curing {unknown}
 j - a potion of enlightenment {unknown}
 k - a potion of might {unknown}
 s - a potion of haste {unknown}


   Skills:
 + Level 5.2 Fighting
 * Level 9.3 Axes
 - Level 0.3 Throwing
 + Level 5.2 Armour
 - Level 2.2 Dodging


You had 6 spell levels left.
You didn't know any spells.
Your spell library was empty.

Dungeon Overview and Level Annotations

Branches:
Dungeon (5/15)             Temple (1/1) D:5

Altars:
Ashenzari
Cheibriados
Elyvilon
Gozag
Hepliaklqana
Kikubaaqudgha
Makhleb
Okawaru
Ru
Uskayaw
Vehumet
Wu Jian
Xom
Yredelemnul
Zin
The Shining One


Innate Abilities, Weirdness & Mutations

You have blades for hands.
Your maximum health is decreased, since you lack skill for your form.
You are incapable of wielding weapons or throwing items.
You have a pair of horns on your head.
You reflexively headbutt those who attack you in melee.


Message History

i - 2 scrolls labelled RUIRAE CEVE (gained 1)
Found a blade talisman.
You see here a blade talisman.
r - a blade talisman You begin transforming.
You continue transforming. x3
Your hands turn into razor-sharp scythe blades.
Your +1 scythe of freezing melds into your body.
Your +0 pair of gloves melds into your body.
Your +1 scythe of freezing stops glowing.
As you open the door, it creaks loudly!
There is an open door here.
You open the door.
There is an open door here.
s - a grey potion
Found a stone staircase leading down.
Found a falchion.
You now have 261 gold pieces (gained 8).
A white imp comes into view.
The white imp shouts!
The white imp gestures at you. The puff of frost hits you. You resist.
Ouch! That really hurt!
The white imp gestures at you. The puff of frost hits you. You resist.
The white imp closely misses you.
You hit the white imp.
The white imp is lightly wounded.
The white imp barely misses you.
You hit the white imp but do no damage. You headbutt the white imp.
The white imp is heavily wounded.
The white imp gestures at you. The puff of frost hits you. You resist.
Ouch! That really hurt!
* * * LOW HITPOINT WARNING * * *
Your skin crawls.
You feel strong-willed. The white imp gestures at you.
The puff of frost hits you. You resist.
Ouch! That really hurt!
You die...

......# ##.####
##.#### ......#
...##.# #..##.#
......# #.##..#
######### ......###
#.....@.#
........###.#####5#
#)##..#..##.#
#.......#
.....###....#
#.#####.#
####..#..##.# #.#
####....###.# #.#
.....#.## #.. ..#
######.# #### #.#
#.# #..


You could see a white imp.

Vanquished Creatures
  Sigmund (D:5)
  An ogre (D:4)
  A phantom (D:5)
  A scorpion (D:4)
  A bombardier beetle (D:4)
  3 hounds
  3 orc priests
  Crazy Yiuf (D:2)
  Terence (D:3)
  4 iguanas
  An orc wizard (D:4)
  2 adders (D:2)
  2 ufetubi (D:5)
  3 dart slugs
  A ribbon worm (D:2)
  4 orcs
  3 bats
  7 endoplasms
  3 giant cockroaches
  7 goblins
  6 hobgoblins
  6 jackals (D:1)
  10 kobolds
  3 quokkas
  5 ball pythons
  3 frilled lizards (D:1)
  5 rats (D:1)
88 creatures vanquished.

Notes
Turn   | Place    | Note
-------+----------+-------------------------------------------
     0 | D:1      | SanguineChosen the Minotaur Berserker began the quest for
                  | the Orb.
     0 | D:1      | Reached XP level 1. HP: 19/19 MP: 0/0
   358 | D:1      | Reached skill level 4 in Axes
   360 | D:1      | Reached XP level 2. HP: 27/27 MP: 1/1
   899 | D:1      | Reached ** piety under Trog
   996 | D:1      | Reached XP level 3. HP: 33/33 MP: 2/2
  1133 | D:1      | Found a faded altar of an unknown god.
  1601 | D:2      | Reached skill level 5 in Axes
  1670 | D:2      | Found a runed translucent door.
  1671 | D:2      | Noticed Crazy Yiuf
  1874 | D:2      | Reached XP level 4. HP: 40/40 MP: 3/3
  2252 | D:2      | Killed Crazy Yiuf
  2380 | D:3      | Reached skill level 6 in Axes
  2380 | D:3      | Reached XP level 5. HP: 35/47 MP: 4/4
  2799 | D:3      | Noticed Terence
  2808 | D:3      | Killed Terence
  3247 | D:4      | Noticed an ogre
  3381 | D:4      | Reached skill level 7 in Axes
  3381 | D:4      | Reached XP level 6. HP: 53/53 MP: 5/5
  3581 | D:4      | Reached skill level 8 in Axes
  3874 | D:4      | Reached XP level 7. HP: 30/60 MP: 6/6
  4095 | D:5      | Entered Level 5 of the Dungeon
  4112 | D:5      | Reached skill level 5 in Fighting
  4142 | D:5      | Found a staircase to the Ecumenical Temple.
  4146 | D:5      | Noticed Sigmund
  4159 | Temple   | Entered the Ecumenical Temple
  4384 | D:5      | Killed Sigmund
  4385 | D:5      | Reached skill level 9 in Axes
  4385 | D:5      | Reached skill level 5 in Armour
  4598 | D:5      | Killed from afar by a white imp

Illustrated notes

Levels and vault maps discovered:
D:1:      onia_arrival_mini_maze_b, layout_loops_corners,
          chequers_ecumenical_altar_twisty, chequers_serial_rivers_micro_e,
          minmay_pentomino_p2
D:2:      layout_loops_cross, minmay_ruptured, uniq_crazy_yiuf_cottage
D:3:      layout_basic, serial_bayou_lake_a, uniq_terence
D:4:      layout_rooms, serial_library_hellmonk_small_corner
D:5:      layout_loops_cross, mainiacjoe_overflow_small_starburst,
          minmay_temple_entry_glassed_door, uniq_sigmund
Temple:   minmay_temple_bridge_d

Skill      XL: |  1  2  3  4  5  6  7 |
---------------+----------------------+-----
Axes           | 4 5 6 7 8 9 |  9.3
Fighting       | 4 5 |  5.2
Armour         | 3 4 5 |  5.2
Throwing       | |  0.3
Dodging        | |  2.2

Action                     |  1- 3 |  4- 6 |  7- 9 || total
---------------------------+-------+-------+-------++-------
  Melee: Hand axe          |   101 |   142 |    25 ||   268
         Headbutt          |    15 |    26 |     7 ||    48
         Punch             |       |     3 |       ||     3
         Halberd           |       |       |     2 ||     2
         Unarmed           |       |       |     2 ||     2
  Throw: Dart              |     5 |     3 |     3 ||    11
 Invoke: Trog's Hand       |       |     5 |     2 ||     7
    Use: Potion            |       |     2 |       ||     2
 Armour: Animal skin       |    30 |       |       ||    30
         Ring mail         |    16 |   103 |    23 ||   142
  Dodge: Dodged            |    72 |    68 |    16 ||   156
   Form: Blade             |       |       |     1 ||     1
